[Event "Titled Tuesday Blitz June 27 Early 2023"]
[White "Sevian, Samuel"]
[Black "Kourkoulos-Arditis, Stamatis"]
[WhiteFideId "2040506"]
[BlackFideId "4221990"]
[WhiteElo "3045"]
[BlackElo "2685"]
[Result "0-1"]
[Round "8"]
[TimeControl "180+2"]
[Date "2023.06.27"]
[WhiteClock "0:01:36"]
[BlackClock "0:00:27"]
[Board "32"]

1. d4 Nf6 2. Nf3 c5 3. d5 g6 4. g4 Bg7 5. g5 Ne4 6. Nbd2 Nxd2 7. Bxd2 d6 8. Bg2 Bg4 9. c3 Bxf3 10. Bxf3 Nd7 11. h4 h5 12. Qa4 O-O 13. Bg2 b5 14. Qc2 a5 15. O-O b4 16. c4 a4 17. Rae1 b3 18. axb3 axb3 19. Qxb3 Rb8 20. Qd1 Rxb2 21. f4 Nb6 22. Qc1 Rxd2 23. Qxd2 Nxc4 24. Qd3 Ne3 25. Rf3 Nf5 26. Bh3 Nxh4 27. Rf2 Qa5 28. Ref1 Qc3 29. Qxc3 Bxc3 30. e3 Rb8 31. Kh2 Rb3 32. f5 Be5+ 33. Kg1 Rxe3 34. fxg6 Rxh3 35. gxf7+ Kf8 36. Rb1 Nf3+ 37. Kf1 Rh1+ 38. Kg2 Rxb1 39. Rxf3 Rb4 0-1


[Site "https://www.chess.com"]

[Event "Titled Tuesday Blitz June 27 Early 2023"]
[White "Goryachkina, Aleksandra"]
[Black "Movahed, Sina"]
[WhiteFideId "4147103"]
[BlackFideId "42520835"]
[WhiteElo "2687"]
[BlackElo "2920"]
[Result "0-1"]
[Round "8"]
[TimeControl "180+2"]
[Date "2023.06.27"]
[WhiteClock "0:00:00"]
[BlackClock "0:01:40"]
[Board "33"]

1. e4 c5 2. Nf3 d6 3. Bb5+ Bd7 4. Bxd7+ Qxd7 5. O-O Nf6 6. Re1 Nc6 7. c3 e6 8. d4 cxd4 9. cxd4 d5 10. e5 Ne4 11. Re3 Be7 12. Nc3 Nxc3 13. bxc3 Na5 14. Rb1 O-O-O 15. Ne1 Kb8 16. Rg3 g6 17. Bg5 Bxg5 18. Rxg5 Rc8 19. Rg3 Rc7 20. Nd3 Rhc8 21. Nc5 Qc6 22. Qe2 Ka8 23. h3 b6 24. Na6 Rb7 25. Nb4 Qc4 26. Qd2 Nc6 27. Nxc6 Qxc6 28. Rb3 h5 29. Rf3 Qa4 30. Rb4 Qa5 31. Qb2 Rbc7 32. Rb5 Qa4 33. Rb4 Qd1+ 34. Kh2 g5 35. a4 g4 36. Re3 Rg8 37. h4 Qf1 38. a5 bxa5 39. Rb5 Qc4 40. Rxa5 Rb8 41. Qa3 Qb3 42. Qa1 Qb2 43. Qa4 Qxf2 0-1


[Site "https://www.chess.com"]

[Event "Titled Tuesday Blitz June 27 Early 2023"]
[White "Danielyan, Vahe"]
[Black "Baskakov, Egor"]
[WhiteFideId "13304828"]
[BlackFideId "24197866"]
[WhiteElo "2682"]
[BlackElo "2894"]
[Result "1-0"]
[Round "8"]
[TimeControl "180+2"]
[Date "2023.06.27"]
[WhiteClock "0:00:26"]
[BlackClock "0:00:13"]
[Board "34"]

1. e4 c5 2. Nc3 Nc6 3. Bb5 g6 4. Bxc6 dxc6 5. d3 e5 6. Nge2 Bg7 7. Be3 b6 8. Qd2 h6 9. O-O Ne7 10. b3 g5 11. f3 Ng6 12. Rf2 O-O 13. g3 f5 14. exf5 Bxf5 15. Ne4 Nf4 16. Kh1 Nh3 17. Rff1 g4 18. fxg4 Bxg4 19. Ng1 Kh7 20. Qg2 Qd7 21. Rxf8 Rxf8 22. Rf1 Rf5 23. Nxh3 Rxf1+ 24. Qxf1 Bxh3 25. Qf3 Kg6 26. Nf2 Be6 27. g4 Bf6 28. Ne4 Be7 29. h3 Qe8 30. Kg1 Qf8 31. Qg3 Bd6 32. Qh4 Be7 33. Qh5+ Kh7 34. Qxe5 Qf3 35. Kh2 Qe2+ 36. Bf2 Bh4 37. Ng5+ 1-0


[Site "https://www.chess.com"]

[Event "Titled Tuesday Blitz June 27 Early 2023"]
[White "Chigaev, Maksim"]
[Black "Eugene, Floryan"]
[WhiteFideId "4108116"]
[BlackFideId "20694784"]
[WhiteElo "2887"]
[BlackElo "2676"]
[Result "1-0"]
[Round "8"]
[TimeControl "180+2"]
[Date "2023.06.27"]
[WhiteClock "0:00:07"]
[BlackClock "0:00:05"]
[Board "35"]

1. e4 c5 2. Nf3 Nc6 3. Nc3 Nf6 4. Bb5 Qc7 5. O-O e6 6. Bxc6 bxc6 7. e5 Nd5 8. Re1 Be7 9. b3 c4 10. Ne4 cxb3 11. axb3 O-O 12. c4 Nb4 13. d4 f5 14. exf6 gxf6 15. Bh6 Rf7 16. Qd2 d5 17. Bf4 Qd8 18. Ng3 a5 19. h3 Kh8 20. Kh2 Bd7 21. Kh1 Qe8 22. Re2 Rg7 23. Rae1 Qf7 24. Nh2 Rag8 25. Bc7 Na6 26. Bxa5 Bd6 27. Ng4 Bxg3 28. fxg3 e5 29. Nh6 Qh5 30. Nxg8 Kxg8 31. dxe5 Bxh3 32. exf6 Bd7+ 33. Kg1 Rxg3 34. Qf4 Qg6 35. f7+ Kf8 36. Re8+ Bxe8 37. Rxe8+ Kg7 38. f8=Q# 1-0


[Site "https://www.chess.com"]

[Event "Titled Tuesday Blitz June 27 Early 2023"]
[White "Kvaloy, Aksel Bu"]
[Black "Zhigalko, Sergei"]
[WhiteFideId "1528815"]
[BlackFideId "13502956"]
[WhiteElo "2674"]
[BlackElo "2877"]
[Result "0-1"]
[Round "8"]
[TimeControl "180+2"]
[Date "2023.06.27"]
[WhiteClock "0:00:00"]
[BlackClock "0:00:21"]
[Board "36"]

1. e4 c5 2. Nf3 Nc6 3. b4 Nxb4 4. c3 Nc6 5. d4 d5 6. exd5 Qxd5 7. Be2 cxd4 8. cxd4 e6 9. O-O Nf6 10. Nc3 Qd8 11. Bg5 Be7 12. Rc1 O-O 13. Qd2 b6 14. Bc4 Bb7 15. d5 Na5 16. d6 Qxd6 17. Bd3 Rfd8 18. Rfd1 Bxf3 19. gxf3 Qb4 20. Qe2 h6 21. Bd2 Qh4 22. Ne4 Nd5 23. Ng3 Bg5 24. Bxg5 Qxg5 25. Qe4 g6 26. h4 Qf4 27. h5 Qxe4 28. Bxe4 gxh5 29. Nxh5 Kf8 30. Bxd5 Rxd5 31. Rxd5 exd5 32. Rc7 Rd8 33. Kf1 d4 34. Ke2 d3+ 35. Kd1 b5 36. Rc5 a6 37. a4 Nb3 38. Rc6 bxa4 39. Rxa6 Rc8 0-1


[Site "https://www.chess.com"]

[Event "Titled Tuesday Blitz June 27 Early 2023"]
[White "Kjartansson, David"]
[Black "Bharath Subramaniyam H"]
[WhiteFideId "2301130"]
[BlackFideId "46634827"]
[WhiteElo "2674"]
[BlackElo "2821"]
[Result "0-1"]
[Round "8"]
[TimeControl "180+2"]
[Date "2023.06.27"]
[WhiteClock "0:00:25"]
[BlackClock "0:00:34"]
[Board "37"]

1. d4 Nf6 2. Nc3 e6 3. Bf4 d5 4. Nb5 Na6 5. e3 Be7 6. Nf3 O-O 7. Bd3 c5 8. c3 Bd7 9. a4 c4 10. Bc2 Bxb5 11. axb5 Nc7 12. O-O Nxb5 13. Ne5 Nd6 14. Qf3 a5 15. Qh3 Qe8 16. f3 Qc8 17. g4 g6 18. Qg3 Nfe8 19. h4 f6 20. Nxg6 hxg6 21. Bxg6 Nf7 22. h5 Qd7 23. e4 Bd6 24. e5 fxe5 25. dxe5 Bc5+ 26. Kh1 b5 27. Rad1 b4 28. Bb1 bxc3 29. bxc3 Qe7 30. g5 Ng7 31. g6 Nh8 32. h6 Nh5 33. Qg5 Rxf4 34. Qxe7 Bxe7 35. Kg2 Rh4 36. Rh1 Nf4+ 37. Kg3 Rxh1 38. Rxh1 Nfxg6 39. h7+ Kg7 40. Kg4 a4 41. f4 a3 42. Ba2 Rf8 43. Rb1 Rxf4+ 44. Kg3 Bh4+ 45. Kg2 Nxe5 46. Kh3 Kxh7 47. Rb7+ Kh6 48. Bb1 Nhg6 49. Rh7+ Kxh7 50. Bf5 Rxf5 51. Kg2 a2 52. Kh1 a1=Q+ 53. Kg2 Rf2+ 54. Kh3 Qh1# 0-1


[Site "https://www.chess.com"]

[Event "Titled Tuesday Blitz June 27 Early 2023"]
[White "Elsa167"]
[Black "Manukyan, Sargis A."]
[BlackFideId "13303970"]
[WhiteElo "2813"]
[BlackElo "2671"]
[Result "1-0"]
[Round "8"]
[TimeControl "180+2"]
[Date "2023.06.27"]
[WhiteClock "0:02:04"]
[BlackClock "0:01:09"]
[Board "38"]

1. e4 c5 2. Nf3 d6 3. d4 cxd4 4. Nxd4 Nf6 5. Nc3 g6 6. f4 Bg7 7. e5 dxe5 8. fxe5 Nh5 9. Bb5+ Bd7 10. e6 Bxb5 11. exf7+ Kxf7 12. Ncxb5 Nc6 13. Qf3+ Nf6 14. Nxc6 bxc6 15. Qxc6 Rc8 16. Qf3 Qb6 17. Qb3+ e6 18. Be3 Qc6 19. O-O Qxc2 20. Nd6+ Kg8 21. Qxe6+ 1-0


[Site "https://www.chess.com"]

[Event "Titled Tuesday Blitz June 27 Early 2023"]
[White "Alex_Sahakyan2006"]
[Black "Ohanyan, Emin"]
[BlackFideId "13312022"]
[WhiteElo "2660"]
[BlackElo "2811"]
[Result "0-1"]
[Round "8"]
[TimeControl "180+2"]
[Date "2023.06.27"]
[WhiteClock "0:00:10"]
[BlackClock "0:00:05"]
[Board "39"]

1. d4 Nf6 2. Nf3 d5 3. Bf4 c5 4. e3 Nc6 5. c3 Qb6 6. Qb3 c4 7. Qc2 Bf5 8. Qc1 e6 9. Nh4 Be4 10. Nd2 Rc8 11. Be2 Be7 12. Nxe4 dxe4 13. g4 Nxg4 14. Bxg4 Bxh4 15. d5 Ne7 16. dxe6 f5 17. Bh5+ g6 18. Be2 Qxe6 19. Qc2 Kf7 20. O-O-O Nd5 21. Rxd5 Qxd5 22. Rd1 Qe6 23. Rd6 Qe7 24. Qa4 Rhd8 25. Bxc4+ Kg7 26. Re6 Qc5 27. Bb3 Bxf2 28. a3 Bxe3+ 29. Bxe3 Qxe3+ 30. Kb1 Qc5 31. Ka2 Rc7 32. h4 Re7 33. Rxe7+ Qxe7 34. Qxa7 e3 35. h5 e2 36. hxg6 hxg6 0-1


[Site "https://www.chess.com"]

[Event "Titled Tuesday Blitz June 27 Early 2023"]
[White "Kushko, Dmitriy"]
[Black "Schnaider, Ilan"]
[WhiteFideId "14162261"]
[BlackFideId "169013"]
[WhiteElo "2807"]
[BlackElo "2652"]
[Result "0-1"]
[Round "8"]
[TimeControl "180+2"]
[Date "2023.06.27"]
[WhiteClock "0:00:02"]
[BlackClock "0:00:04"]
[Board "40"]

1. Nf3 Nf6 2. g3 g6 3. Bg2 Bg7 4. O-O O-O 5. d4 d5 6. c4 Nc6 7. Nbd2 Re8 8. b3 dxc4 9. Nxc4 Bg4 10. Bb2 Bxf3 11. Bxf3 Nd5 12. e3 e6 13. a3 a5 14. Rc1 Qe7 15. Qc2 h5 16. h4 Rad8 17. Rfd1 Bh6 18. Qe2 Qf6 19. Kg2 Rd7 20. Qe1 Ra8 21. Rc2 Qe7 22. Qe2 Bg7 23. Rcd2 b5 24. Ne5 Nxe5 25. dxe5 Rad8 26. Bxd5 exd5 27. Qxb5 Bxe5 28. Bxe5 Qxe5 29. Qxa5 Qe4+ 30. Kg1 c6 31. Qc5 Rb7 32. b4 Qe6 33. Rc1 Rc8 34. Rxd5 Rb5 35. Qxb5 cxb5 36. Rxc8+ Qxc8 37. Rxb5 Qc1+ 38. Kh2 Qxa3 39. Rb8+ Kg7 40. b5 Qb2 41. Kg2 Qc2 42. b6 Qc6+ 43. Kg1 f6 44. Kf1 g5 45. Ke2 Qc4+ 46. Kf3 Qg4+ 47. Kg2 gxh4 48. b7 Qe4+ 49. Kh2 hxg3+ 50. fxg3 Qc2+ 51. Kh3 Qc7 52. Re8 Qxb7 53. Kh4 Qd7 54. Rb8 Qg4# 0-1


[Site "https://www.chess.com"]

[Event "Titled Tuesday Blitz June 27 Early 2023"]
[White "Florescu, Codrut-Constantin"]
[Black "Kislinsky, Alexey"]
[WhiteFideId "1202200"]
[BlackFideId "14108801"]
[WhiteElo "2645"]
[BlackElo "2760"]
[Result "1-0"]
[Round "8"]
[TimeControl "180+2"]
[Date "2023.06.27"]
[WhiteClock "0:02:04"]
[BlackClock "0:00:38"]
[Board "41"]

1. e4 c5 2. Nf3 Nc6 3. Bb5 Nf6 4. Nc3 g6 5. O-O Bg7 6. e5 Ng4 7. Bxc6 dxc6 8. Re1 O-O 9. d3 Nh6 10. Ne4 b6 11. h3 Nf5 12. Bg5 f6 13. Bf4 Nd4 14. exf6 exf6 15. c3 Ne6 16. Bg3 Bd7 17. Nd6 Kh8 18. Qb3 Qe8 19. Nxe8 Raxe8 20. Qa3 1-0


[Site "https://www.chess.com"]

[Event "Titled Tuesday Blitz June 27 Early 2023"]
[White "Jakubowski, Krzysztof"]
[Black "Mahdavi, Reza"]
[WhiteFideId "1112848"]
[BlackFideId "12595926"]
[WhiteElo "2625"]
[BlackElo "2747"]
[Result "1-0"]
[Round "8"]
[TimeControl "180+2"]
[Date "2023.06.27"]
[WhiteClock "0:00:13"]
[BlackClock "0:00:01"]
[Board "42"]

1. e4 c5 2. Nf3 d6 3. d4 cxd4 4. Nxd4 Nf6 5. Nc3 a6 6. Be3 e5 7. Nb3 Be6 8. h3 Nbd7 9. g4 h6 10. Qd2 b5 11. O-O-O b4 12. Nd5 Nxe4 13. Qxb4 Bxd5 14. Rxd5 Nef6 15. Bg2 Nxd5 16. Bxd5 Rc8 17. Na5 Qc7 18. c3 Be7 19. Nc6 Nf6 20. Nxe7 Qxe7 21. Bb7 Rc7 22. Bxa6 O-O 23. Rd1 Qe6 24. Qxd6 Qxa2 25. Qxc7 Qa1+ 26. Kc2 Qa4+ 27. Kc1 Qa1+ 28. Kc2 Qa4+ 29. Kc1 Qxa6 30. Rd8 Qa1+ 31. Kc2 Qa4+ 32. Kc1 Qa1+ 33. Kc2 Qa4+ 34. Kc1 Rxd8 35. Qxd8+ Kh7 36. Qd3+ e4 37. Qc2 Qa1+ 38. Qb1 Qa6 39. Bd4 Qf1+ 40. Kc2 Qe2+ 41. Kb3 Qb5+ 42. Ka3 Qa6+ 43. Kb3 Qb7+ 44. Ka4 Qc6+ 45. Kb3 Ne8 46. Qc2 Nd6 47. Ka2 Nb5 48. Be3 Qa6+ 49. Kb1 Nd6 50. b3 h5 51. c4 Qb7 52. c5 Nb5 53. c6 Qe7 54. Qc5 Na3+ 55. Kb2 1-0


[Site "https://www.chess.com"]

[Event "Titled Tuesday Blitz June 27 Early 2023"]
[White "Renjith, Sravan"]
[Black "Iskusnyh, Sergei"]
[WhiteFideId "4306783"]
[BlackFideId "4120027"]
[WhiteElo "2746"]
[BlackElo "2603"]
[Result "1/2-1/2"]
[Round "8"]
[TimeControl "180+2"]
[Date "2023.06.27"]
[WhiteClock "0:00:08"]
[BlackClock "0:00:11"]
[Board "43"]

1. Nf3 Nf6 2. b3 d5 3. Bb2 c6 4. e3 h6 5. Be2 Bf5 6. O-O e6 7. c4 Be7 8. Ne5 O-O 9. d4 a5 10. Nd2 Nbd7 11. Ndf3 a4 12. Bd3 Bxd3 13. Qxd3 a3 14. Bc3 Ne4 15. Nxd7 Qxd7 16. Ne5 Qe8 17. Be1 f6 18. Nf3 Qh5 19. Nd2 Bd6 20. h3 f5 21. Nxe4 fxe4 22. Qd1 Qg5 23. Qg4 Qxg4 24. hxg4 b5 25. cxb5 cxb5 26. Bd2 b4 27. Rac1 Rac8 28. Rfd1 Kf7 29. Kf1 Ke7 30. Ke2 Kd7 31. f3 Rxc1 32. Rxc1 Rc8 33. Rxc8 Kxc8 34. f4 Kd7 35. Be1 Kc6 36. Kf2 g5 37. f5 exf5 38. gxf5 g4 39. g3 Kd7 40. Kg2 Ke7 41. Bf2 Kf6 42. Be1 Kxf5 43. Bf2 Be7 44. Be1 h5 45. Bf2 Bg5 46. Kf1 Bh6 47. Kg2 Kg6 48. Kf1 Bf8 49. Ke2 Be7 50. Kf1 Kf5 51. Kg2 Kg6 52. Be1 Kh6 53. Bf2 h4 54. gxh4 Kh5 55. Be1 Bd6 56. Bf2 Be7 57. Be1 Bd6 58. Bg3 Be7 59. Be1 1/2-1/2


[Site "https://www.chess.com"]

[Event "Titled Tuesday Blitz June 27 Early 2023"]
[White "Janaszak, Dawid"]
[Black "Lorparizangeneh, Shahin"]
[WhiteFideId "1119206"]
[BlackFideId "12521604"]
[WhiteElo "2583"]
[BlackElo "2740"]
[Result "0-1"]
[Round "8"]
[TimeControl "180+2"]
[Date "2023.06.27"]
[WhiteClock "0:00:00"]
[BlackClock "0:00:49"]
[Board "44"]

1. e4 e5 2. Nf3 Nc6 3. d4 exd4 4. Nxd4 Bc5 5. Nb3 Bb6 6. Nc3 Nf6 7. Bg5 h6 8. Bh4 d6 9. Qe2 a5 10. Nd5 g5 11. Nxb6 cxb6 12. Bg3 a4 13. Nd2 O-O 14. a3 Re8 15. O-O-O d5 16. e5 Bg4 17. Nf3 Ne4 18. Qb5 Ra5 19. Qd3 Bf5 20. Nd4 Bg6 21. Qe3 Nxg3 22. hxg3 Nxe5 23. Qc3 Rc5 24. Qb4 Nc6 25. Qxa4 Nxd4 26. Bd3 Nxc2 27. Bxg6 Ne3+ 28. Kb1 Nxd1 29. Rxh6 Kg7 30. Rh1 Nc3+ 31. bxc3 Kxg6 32. g4 Re4 33. Qc2 Qf6 34. f3 Rxc3 0-1


[Site "https://www.chess.com"]

[Event "Titled Tuesday Blitz June 27 Early 2023"]
[White "Mendez Fortes, Eduardo Jesus"]
[Black "Tanenbaum, Zachary"]
[WhiteFideId "3502376"]
[BlackFideId "2060850"]
[WhiteElo "2589"]
[BlackElo "2738"]
[Result "1-0"]
[Round "8"]
[TimeControl "180+2"]
[Date "2023.06.27"]
[WhiteClock "0:00:41"]
[BlackClock "0:00:02"]
[Board "45"]

1. e4 e5 2. Nf3 Nc6 3. Bb5 a6 4. Ba4 d6 5. c3 Nf6 6. O-O Be7 7. Re1 O-O 8. h3 b5 9. Bb3 Nb8 10. d4 Nbd7 11. c4 Bb7 12. Nc3 exd4 13. Nxd4 Nc5 14. cxb5 axb5 15. Bd5 Nxd5 16. Nxd5 Bf6 17. Nxb5 Ne6 18. Nbc3 Re8 19. Be3 Bxc3 20. Nxc3 Qf6 21. Qd2 Qg6 22. f3 f5 23. exf5 Qxf5 24. Qf2 Rf8 25. a4 Qg6 26. Kh2 Ra5 27. Qg3 Qh5 28. h4 Bxf3 29. Nb5 Bc6 30. Bd2 Rxa4 31. Rxa4 Bxb5 32. Rg4 Bd7 33. Rxe6 Bxe6 34. Rxg7+ Kh8 35. Bc3 h6 36. Rg8+ Kh7 37. Qg7# 1-0


[Site "https://www.chess.com"]

[Event "Titled Tuesday Blitz June 27 Early 2023"]
[White "Klukin, Kirill"]
[Black "NicolaiMaxime"]
[WhiteFideId "24199273"]
[WhiteElo "2734"]
[BlackElo "2573"]
[Result "0-1"]
[Round "8"]
[TimeControl "180+2"]
[Date "2023.06.27"]
[WhiteClock "0:00:01"]
[BlackClock "0:00:35"]
[Board "46"]

1. f4 d5 2. Nf3 Nh6 3. g3 Nf5 4. Bg2 g6 5. O-O Bg7 6. d3 O-O 7. e4 dxe4 8. dxe4 Nd6 9. Qe2 b6 10. Rd1 Nd7 11. e5 Nf5 12. e6 fxe6 13. Qxe6+ Kh8 14. Ng5 Bd4+ 15. Kh1 Nc5 16. Nf7+ Rxf7 17. Qxf7 Be6 18. Qxf5 Bxf5 19. c3 Ne4 20. Rxd4 Qc8 21. Bxe4 Bxe4+ 22. Rxe4 Qb7 23. Nd2 Rd8 24. Kg1 Rxd2 25. Bxd2 Qxe4 26. Re1 Qc2 27. Be3 Kg8 28. Bc1 Kf7 29. a3 a5 30. f5 gxf5 31. Bg5 e6 32. Bc1 a4 33. Bf4 Qxb2 34. Be5 Qxa3 35. Rd1 Qc5+ 36. Bd4 Qc4 37. Ra1 c5 38. Be5 b5 39. Rd1 a3 40. Rd7+ Ke8 41. Ra7 a2 42. Bf6 b4 43. cxb4 cxb4 44. Re7+ Kf8 45. Ra7 b3 46. h4 Qc1+ 47. Kh2 b2 48. Be7+ Ke8 49. Bg5 Qc2+ 50. Kh3 b1=Q 51. Re7+ Kf8 0-1


[Site "https://www.chess.com"]

[Event "Titled Tuesday Blitz June 27 Early 2023"]
[White "Csonka, Balazs"]
[Black "Fonseca Manrique, Enrique"]
[WhiteFideId "742910"]
[BlackFideId "5114330"]
[WhiteElo "2724"]
[BlackElo "2577"]
[Result "1-0"]
[Round "8"]
[TimeControl "180+2"]
[Date "2023.06.27"]
[WhiteClock "0:00:03"]
[BlackClock "0:00:03"]
[Board "47"]

1. e4 c5 2. Nf3 e6 3. Nc3 a6 4. g3 Nc6 5. Bg2 d6 6. O-O Qc7 7. d4 cxd4 8. Nxd4 Nf6 9. Nxc6 bxc6 10. Na4 Be7 11. c4 e5 12. Bg5 Be6 13. Qc2 O-O 14. Rfd1 Rfd8 15. h3 h6 16. Be3 Rab8 17. b3 Qa5 18. Bd2 Qc7 19. Be3 Qa5 20. Bd2 Qc7 21. Rac1 Rd7 22. Be3 Qa5 23. Bd2 Qc7 24. Qc3 Rbd8 25. Be3 Rb8 26. Rd2 a5 27. Rcd1 Rb4 28. Nb2 Qb8 29. Nd3 Rbb7 30. c5 a4 31. b4 a3 32. cxd6 Bxd6 33. Nc5 Bxc5 34. Bxc5 Rxd2 35. Rxd2 Nd7 36. Bd6 Qa7 37. Kh2 Rb6 38. f4 exf4 39. gxf4 f6 40. e5 f5 41. Bxc6 Nf8 42. Bg2 Ng6 43. Bc5 Qb8 44. Bxb6 Qxb6 45. Qc6 Qe3 46. Qxe6+ Kh7 47. Qd6 Nxf4 48. e6 Nxe6 49. Qd3 Qe5+ 50. Kh1 Nf4 51. Qf3 Qa1+ 52. Bf1 Ng6 53. Qxf5 Qe1 54. Qf2 Qe5 55. Bg2 Qa1+ 56. Bf1 Qe5 57. Re2 Qa1 58. Kh2 h5 59. Bg2 h4 60. Be4 Qe5+ 61. Kh1 Qa1+ 62. Kg2 Kh6 63. Qe3+ Kh5 64. Qf3+ Kh6 65. Qg4 Qf6 66. Bxg6 1-0


[Site "https://www.chess.com"]

[Event "Titled Tuesday Blitz June 27 Early 2023"]
[White "Morgunov, Anatoly"]
[Black "Quintiliano Pinto, Renato R."]
[WhiteFideId "4145909"]
[BlackFideId "2117568"]
[WhiteElo "2481"]
[BlackElo "2716"]
[Result "0-1"]
[Round "8"]
[TimeControl "180+2"]
[Date "2023.06.27"]
[WhiteClock "0:00:20"]
[BlackClock "0:00:20"]
[Board "48"]

1. d4 Nf6 2. c4 e6 3. g3 d5 4. Bg2 Bb4+ 5. Bd2 Be7 6. Nf3 O-O 7. O-O c6 8. Qc2 a5 9. Rd1 h6 10. h4 b6 11. Bf4 Ba6 12. cxd5 cxd5 13. Ne5 Nfd7 14. Nc3 Nxe5 15. dxe5 Nd7 16. e4 d4 17. Rxd4 Qc7 18. Qd1 Rfd8 19. Rc1 Nc5 20. Rd6 Rac8 21. Qg4 Bxd6 22. exd6 Rxd6 23. Bxh6 f5 24. Qg5 Kh7 25. exf5 gxh6 26. Qg6+ Kh8 27. Ne4 Rd7 28. Nf6 Rh7 29. fxe6 Qg7 30. Qxh7+ Qxh7 31. Nxh7 Kxh7 32. f4 Kg7 33. f5 Kf6 34. g4 Be2 35. a3 a4 36. Bh3 Rg8 37. Kf2 Bxg4 38. Rg1 h5 39. Ke3 Kxf5 40. Rf1+ Kxe6 41. Bxg4+ hxg4 42. Rf8 Rxf8 43. h5 Ke5 44. h6 Rf3+ 45. Ke2 Rh3 46. h7 Rxh7 47. Kf2 Rh3 48. b4 Ne4+ 49. Kg2 Kf4 50. b5 Rh4 51. Kg1 Kg3 52. Kf1 Rh2 53. Kg1 Nc3 54. Kf1 Nxb5 55. Kg1 Nxa3 56. Kf1 Nc4 57. Ke1 a3 58. Kd1 a2 59. Kc1 a1=Q# 0-1


[Site "https://www.chess.com"]

[Event "Titled Tuesday Blitz June 27 Early 2023"]
[White "Koepke, Christian"]
[Black "Gedajlovic, Max"]
[WhiteFideId "4655737"]
[BlackFideId "2616840"]
[WhiteElo "2443"]
[BlackElo "2706"]
[Result "0-1"]
[Round "8"]
[TimeControl "180+2"]
[Date "2023.06.27"]
[WhiteClock "0:00:06"]
[BlackClock "0:01:09"]
[Board "50"]

1. e4 e6 2. d4 d5 3. e5 c5 4. c3 Nc6 5. Nf3 Qb6 6. Bd3 Bd7 7. dxc5 Bxc5 8. O-O Nh6 9. b4 Be7 10. Bxh6 gxh6 11. Na3 O-O 12. Qd2 Kg7 13. Nc2 f6 14. Rae1 fxe5 15. Nxe5 Nxe5 16. Rxe5 Rf6 17. Nd4 Raf8 18. Bb1 Bd6 19. Qc2 Rg6 20. Rh5 Rf7 21. Qd2 Rgf6 22. Kh1 e5 23. Nb3 e4 24. Qxd5 Rxf2 25. Rxf2 Qxf2 26. Rg5+ hxg5 27. Qxg5+ Kf8 28. Qd8+ Kg7 29. Qg5+ Kh8 30. Qd8+ Rf8 0-1


[Site "https://www.chess.com"]

[Event "Titled Tuesday Blitz June 27 Early 2023"]
[White "Coelho, Ramyres Santana"]
[Black "Hambleton, Aman"]
[WhiteFideId "2120690"]
[BlackFideId "2606577"]
[WhiteElo "2281"]
[BlackElo "2704"]
[Result "0-1"]
[Round "8"]
[TimeControl "180+2"]
[Date "2023.06.27"]
[WhiteClock "0:01:07"]
[BlackClock "0:00:10"]
[Board "51"]

1. e4 b6 2. d4 Bb7 3. Nc3 e6 4. f3 d5 5. e5 Bb4 6. a3 Bxc3+ 7. bxc3 Ba6 8. Bxa6 Nxa6 9. Qd3 Nb8 10. Ne2 Nc6 11. O-O Na5 12. f4 Ne7 13. Ng3 g6 14. a4 Nc4 15. Ba3 Nf5 16. Nxf5 exf5 17. Rfb1 Qd7 18. Rb4 Qc6 19. Rxc4 Qxc4 20. Qxc4 dxc4 21. d5 O-O-O 22. d6 c5 23. a5 Kb7 24. Rb1 Kc6 25. axb6 axb6 26. Bc1 f6 27. Bd2 Rhe8 28. Re1 Re6 29. Re3 Rde8 30. Rh3 fxe5 31. fxe5 Rxe5 32. Rxh7 Rd5 33. Bf4 Re2 34. Rc7+ Kb5 35. Kf1 Rxc2 36. Re7 Rxc3 37. Re1 Rcd3 38. Rb1+ Kc6 39. h3 b5 40. Kf2 b4 41. Ra1 c3 42. Ra6+ Kb5 43. Ra7 b3 44. Rb7+ Kc4 45. Rc7 b2 46. Rb7 Rxd6 47. Bxd6 Rxd6 48. Kf3 Rd1 49. Kf4 b1=Q 50. Rxb1 Rxb1 51. Kg5 Rg1 52. Kxg6 Rxg2+ 53. Kxf5 Rh2 54. h4 Rxh4 55. Kg5 Rd4 56. Kf5 Kd3 57. Ke5 c2 58. Kf5 c4 59. Ke5 c3 60. Kf5 c1=N 61. Ke5 Na2 62. Kf5 c2 63. Ke5 c1=B 64. Kf5 Re4 65. Kg6 Re5 66. Kf6 Be3 67. Kxe5 Nc3 68. Kf5 Kd4 69. Ke6 Bf4 70. Kf5 Be5 71. Kg4 Ke4 72. Kh3 Ne2 73. Kg4 Bf4 74. Kh5 Nd4 75. Kg6 Be5 76. Kf7 Kf5 77. Ke7 Nf3 78. Kd7 Ke4 79. Kc8 Kd5 80. Kb7 Kc5 81. Kc8 Nd4 82. Kd7 Kd5 83. Ke7 Nf5+ 84. Kf7 Bd4 85. Kg6 Ke5 86. Kg5 Ne3 87. Kh4 Kf5 88. Kg3 Ke4 89. Kf2 Bc3 90. Ke2 Nf5 91. Kf2 Kf4 92. Kg2 Ng3 93. Kf2 Bd4+ 94. Ke1 Ke3 95. Kd1 Kd3 96. Ke1 Be3 97. Kd1 Bg1 98. Kc1 Kc3 99. Kd1 Bf2 100. Kc1 Ne4 101. Kd1 Kd3 102. Kc1 Nd2 103. Kd1 Bd4 104. Ke1 Be3 105. Kd1 Bf2 106. Kc1 Nc4 107. Kd1 Nb2+ 108. Kc1 Kc3 109. Kb1 Kb3 110. Kc1 Be3+ 111. Kb1 Bd2 112. Ka1 Nc4 113. Kb1 Na3+ 114. Ka1 Bc3# 0-1


[Site "https://www.chess.com"]

[Event "Titled Tuesday Blitz June 27 Early 2023"]
[White "Pap, Gyula"]
[Black "Korchmar, Vasiliy"]
[WhiteFideId "725323"]
[BlackFideId "24131750"]
[WhiteElo "2923"]
[BlackElo "2689"]
[Result "1-0"]
[Round "8"]
[TimeControl "180+2"]
[Date "2023.06.27"]
[WhiteClock "0:02:00"]
[BlackClock "0:00:34"]
[Board "52"]

1. d4 d5 2. c4 c6 3. Nf3 Nf6 4. Nbd2 e6 5. Qc2 Bd6 6. e4 dxe4 7. Nxe4 Nxe4 8. Qxe4 Nd7 9. Bd2 O-O 10. O-O-O Nf6 11. Qc2 b5 12. Bg5 bxc4 13. Bxc4 Be7 14. Ne5 Bb7 15. Kb1 Rc8 16. Rhe1 Nd5 17. Bxe7 Qxe7 18. Nd3 Nb4 19. Nxb4 Qxb4 20. Re3 Qe7 21. Bd3 g6 22. Qc5 Qxc5 23. dxc5 Rfd8 24. Be2 Rxd1+ 25. Bxd1 Rd8 26. Kc2 Rd5 27. b4 Ba6 28. Bf3 Rd4 29. Kc3 Rc4+ 30. Kb3 Rf4 31. Bxc6 Rxf2 32. b5 Bc8 33. Rd3 Kg7 34. Rd8 Rf5 35. Rxc8 Rxc5 36. Rc7 e5 37. Rxa7 e4 38. Re7 1-0


[Site "https://www.chess.com"]

[Event "Titled Tuesday Blitz June 27 Early 2023"]
[White "Vokhidov, Shamsiddin"]
[Black "Manukian, Artak"]
[WhiteFideId "14204223"]
[BlackFideId "13301373"]
[WhiteElo "2906"]
[BlackElo "2436"]
[Result "1/2-1/2"]
[Round "8"]
[TimeControl "180+2"]
[Date "2023.06.27"]
[WhiteClock "0:00:53"]
[BlackClock "0:00:06"]
[Board "53"]

1. e4 c6 2. Nc3 d5 3. Nf3 dxe4 4. Nxe4 Nf6 5. Qe2 Nxe4 6. Qxe4 Qd5 7. Qf4 Qf5 8. Qe3 Nd7 9. c3 Nf6 10. d4 Qe4 11. Bc4 Qxe3+ 12. Bxe3 e6 13. O-O-O Nd5 14. Bd2 Bd6 15. g3 O-O 16. Rhe1 b5 17. Bd3 a5 18. Ne5 Bb7 19. f4 g6 20. a3 a4 21. Be4 Rac8 22. Bf3 Rfd8 23. Re2 c5 24. dxc5 Bxc5 25. Nd3 Bf8 26. Be1 Nxc3 27. Bxb7 Nxe2+ 28. Kd2 Rb8 29. Bg2 Nd4 30. Ke3 Nc2+ 31. Ke2 Nxe1 32. Rxe1 b4 33. axb4 Bxb4 34. Ra1 a3 35. bxa3 Bf8 36. a4 Rb3 37. Rd1 Ra3 38. Bc6 f6 39. h4 Kg7 40. Bb5 e5 41. fxe5 fxe5 42. Rf1 e4 43. Nf4 Rd6 44. Bc4 Kh6 45. g4 Be7 46. g5+ Bxg5 47. hxg5+ Kxg5 48. Ne6+ Kh4 49. Rh1+ Rh3 50. Rxh3+ Kxh3 51. a5 g5 52. Nxg5+ Kg4 53. Nxe4 Rd4 54. Bd3 Ra4 55. a6 Kf4 56. Kd2 Rxa6 57. Bxa6 Kxe4 58. Bd3+ Kf4 59. Bxh7 1/2-1/2


[Site "https://www.chess.com"]